 Dungeon Crawl Stone Soup version 0.19-a0-994-g3c636f0 (webtiles) character file.

21 4thArraOfDagon the Chopper (level 2, -2/27 HPs)
             Began as a Minotaur Berserker on July 17, 2016.
             Was a Follower of Trog.
             Slain by Natasha (5 damage)
             ... on level 2 of the Dungeon.
             The game lasted 00:01:03 (213 turns).

4thArraOfDagon the Chopper (Minotaur Berserker)      Turns: 213, Time: 00:01:04

Health: -2/27      AC:  2    Str: 26    XL:     2   Next: 65%
Magic:  1/1        EV: 12    Int:  4    God:    Trog [*.....]
Gold:   59         SH:  0    Dex:  9    Spells: 0 memorised, 1 level left

rFire  x . .     SeeInvis .     a - +0 hand axe
rCold  + . .     Gourm    .     b - +0 animal skin
rNeg   . . .     Faith    .     (no shield)
rPois  .         Spirit   .     (helmet restricted)
rElec  .         Dismiss  .     (no cloak)
rCorr  .         Reflect  .     (no gloves)
SustAt .         Harm     .     (no boots)
MR     .....                    (no amulet)
Stlth  +.........               (no ring)
                                e - ring of ice

@: mighty, not resistant to hostile enchantments, very unstealthy
A: retaliatory headbutt, horns 2
a: Berserk, Burn Spellbooks, Renounce Religion


You were on level 2 of the Dungeon.
You worshipped Trog.
Trog was aware of your devotion.
You were not hungry.

You visited 1 branch of the dungeon, and saw 2 of its levels.

You collected 59 gold pieces.

Inventory:

Hand Weapons
 a - a +0 hand axe (weapon)
Armour
 b - a +0 animal skin (worn)
Jewellery
 e - a ring of ice (left hand)
 l - an uncursed amulet of dismissal
Scrolls
 d - 2 scrolls of identify {unknown}
 f - 2 scrolls of teleportation {unknown}
 h - a scroll of enchant armour {unknown}
 i - a scroll of enchant weapon {unknown}
 k - 3 scrolls of recharging {unknown}
 m - a scroll of amnesia {unknown}
Potions
 j - a potion of degeneration {unknown}
Comestibles
 c - 2 bread rations
 n - a beef jerky


   Skills:
 + Level 3.9 Fighting
 * Level 4.4 Axes
 + Level 2.7 Armour
 - Level 2.1 Dodging


You had one spell level left.
You didn't know any spells.

Dungeon Overview and Level Annotations

Branches:
Dungeon (2/15)

Altars:

Annotations:
D:2 Natasha


Innate Abilities, Weirdness & Mutations

You reflexively headbutt those who attack you in melee.
You have a pair of horns on your head.


Message History

The bat hits you but does no damage. x2
You see here a bread ration.
c - 2 bread rations (gained 1)
The bat hits you. The bat hits you but does no damage.
Found a meat ration and 14 gold pieces.
Unknown command.
You hit Natasha.
Natasha is moderately wounded.
You closely miss the ball python. The bat barely misses you. Natasha claws you!
* * * LOW HITPOINT WARNING * * *
The ball python completely misses you. You furiously retaliate!
You headbutt the ball python.
You kill the ball python!
Trog accepts your kill.
Unknown command.
It was a potion of might.
You feel very mighty all of a sudden. The bat hits you but does no damage.
Natasha claws you.
You die...

#..# #... ###
#... ..#
#..####.##
..#.....
#.#.##.#
########b#.##.#
%..>..........#
#####h@##.####
#.†.......
#....#.....
......###.###
.#.#(..# .#
.........# .#
.#.#.#...# .
........$#


You could see Natasha and a bat.

Vanquished Creatures
  2 dart slugs (D:1)
  2 bats
  6 hobgoblins (D:1)
  A kobold (D:1)
  2 ball pythons
  A giant newt (D:1)
  2 rats (D:1)
16 creatures vanquished.

Notes
Turn   | Place    | Note
-------+----------+-------------------------------------------
     0 | D:1      | 4thArraOfDagon the Minotaur Berserker began the quest for the Orb.
     0 | D:1      | Reached XP level 1. HP: 19/19 MP: 0/0
    67 | D:1      | Reached skill level 4 in Axes
    67 | D:1      | Reached XP level 2. HP: 21/27 MP: 1/1
   208 | D:2      | Noticed Natasha
   213 | D:2      | Slain by Natasha

Vault maps used:
D:1:      tarquinn_simple_flora_water_e
D:2:      serial_co_window_serial, co_window_corner_a, co_window_paths_b,
          co_window_corner_a, co_window_of_opportunity_a, co_window_paths_a,
          co_window_broadway_a, co_window_broadway_b,
          co_window_of_opportunity_b, co_window_broadway_b, glass_columns_b,
          glass_columns_c, glass_columns_c, nemelex_lonely_heart_becter,
          uniq_jessica, uniq_natasha, uniq_robin

Skill      XL: |  1 |
---------------+----+-----
Axes           | 4 |  4.4
Fighting       | |  3.9
Armour         | |  2.7
Dodging        | |  2.1

Action                   || total
-------------------------++-------
Melee: Hand axe          ||    20
       Headbutt          ||     3
  Use: Potion            ||     1
Armor: Animal skin       ||     9
Dodge: Dodged            ||    18
